 Dungeon Crawl Stone Soup version 0.31-a0-833-gc15d34cb79 (webtiles) character file.

Game seed: 15460369613265022054

4 rjrrt the Chopper (level 1, -2/19 HPs)
             Began as a Minotaur Berserker on Sept 26, 2023.
             Was a Follower of Trog.
             Slain by a gnoll
             ... wielding a +0 whip
              (5 damage)
             ... on level 1 of the Dungeon.
             The game lasted 00:00:08 (62 turns).

rjrrt the Chopper (Minotaur Berserker)                Turns: 62, Time: 00:00:09

Health: -2/19      AC:  2    Str: 21    XL:     1   Next: 50%
Magic:  0/0        EV: 12    Int:  4    God:    Trog [*.....]
Gold:   0          SH:  0    Dex:  9    Spells: 0/0 levels left

rFire   . . .        a - +0 hand axe
rCold   . . .        (no shield)
rNeg    . . .        b - +0 animal skin
rPois   .            (helmet restricted)
rElec   .            (no cloak)
rCorr   .            (no gloves)
SInv    .            (no boots)
Will    .....        (no amulet)
Stlth   +            (no ring)
HPRegen 0.23/turn    (no ring)
MPRegen 0.07/turn

%: no passive effects
@: no status effects
A: horns 2, retaliatory headbutt
a: Renounce Religion, Berserk


You were on level 1 of the Dungeon.
You worshipped Trog.
Trog was aware of your devotion.
You visited 1 branch of the dungeon, and saw 1 of its levels.

Inventory:

Hand Weapons
 a - a +0 hand axe (weapon)
Armour
 b - a +0 animal skin (worn)


   Skills:
 - Level 3.6 Fighting
 + Level 4.0 Axes
 - Level 2.4 Armour
 - Level 2.1 Dodging


You couldn't memorise any spells.
You didn't know any spells.
Your spell library was empty.

Dungeon Overview and Level Annotations

Branches:
Dungeon (1/15)

Altars:


Innate Abilities, Weirdness & Mutations

You have a pair of horns on your head.
You reflexively headbutt those who attack you in melee.


Message History

Found a whip and a spear.
The jackal barks!
You hear a shout!
A jackal comes into view.
The jackal closely misses you.
You closely miss the jackal.
The jackal barks!
You headbutt the jackal.
You kill the jackal!
Trog accepts your kill.
You hear a shout!
A gnoll and a kobold come into view.
The kobold is wielding a +2 dagger of venom.
The gnoll shouts!
A jackal comes into view.
You see here a jackal corpse.
The jackal barks!
The kobold shouts!
You barely miss the jackal. The jackal closely misses you.
A giant cockroach comes into view.
The jackal bites you but does no damage.
You closely miss the jackal. The jackal misses you.
You slash the jackal!
You kill the jackal!
Trog accepts your kill.
The kobold throws a stone.
The stone misses you.
Your Axes skill increases to level 4!
You closely miss the gnoll. Your headbutt misses the gnoll.
The gnoll barely misses you.
You hit the gnoll.
The gnoll is heavily wounded.
The gnoll hits you with a +0 whip! x2
* * * LOW HITPOINT WARNING * * *
Unknown command.
You are too injured to fight recklessly!
You are too injured to fight recklessly!
Unknown command.
You fail to use your ability.
The gnoll closely misses you.
You barely miss the gnoll. You headbutt the gnoll.
The gnoll is almost dead.
The gnoll hits you with a +0 whip.
You die...

#....# #.....#.
# #....# #......
#..###....#
#..>.8
#.........####
##....
###.####........
##.<.
................
#...
..).)...##...###
#...
#......†.....#
#...
..#####@###....
#... #g# .....
#...


KB# .##.. #... ..h# #. #... ....# ...... .##...# .. #...# You could see a gnoll,
a jackal, a giant cockroach and a kobold.

Vanquished Creatures
  A ball python (D:1)
  2 jackals (D:1)
3 creatures vanquished.

Notes
Turn   | Place    | Note
-------+----------+-------------------------------------------
     0 | D:1      | rjrrt the Minotaur Berserker began the quest for the Orb.
     0 | D:1      | Reached XP level 1. HP: 19/19 MP: 0/0
    59 | D:1      | Reached skill level 4 in Axes
    62 | D:1      | Slain by a gnoll

Illustrated notes

Levels and vault maps discovered:
D:1:      psy_arrival_spokes, layout_basic, hangedman_decor_clover_reticule

Skill      XL: |  1 |
---------------+----+-----
Axes           | 4 |  4.0
Fighting       | |  3.6
Armour         | |  2.4
Dodging        | |  2.1

Action                     || total
---------------------------++-------
  Melee: Hand axe          ||     9
         Headbutt          ||     2
 Armour: Animal skin       ||     4
  Dodge: Dodged            ||     8

Table legend: (Time is in decaauts)
 A = Elapsed time spent in this place.
 B = Non-inter-level travel time spent in this place.
 C = Inter-level travel time spent in this place.
 D = Time resting spent in this place.
 E = Time spent auto-exploring this place.
 F = Levels seen in this place.
 G = Mean time per level.
                   A        B        C        D        E       F      G
               +--------+--------+--------+--------+--------+-----+--------+
         Total |     63 |     63 |      0 |      0 |     44 |   1 |   63.0 |
       Dungeon |     63 |     63 |      0 |      0 |     44 |   1 |   63.0 |
               +--------+--------+--------+--------+--------+-----+--------+

Top non-repeatable levels by time:
     D:1: 63 daAuts
